Map: Proxima Station LE

Players

Asterocks

  • Race: Terran Terran
  • League: Gold
  • Spawn Location: 7:00

Alindyar - Winner!

  • Race: Terran Terran
  • League: Gold
  • Spawn Location: 1:00

VOD

Have the link to the VOD?

Description

Time

  • Played on: June 26, 2017, 5:08 p.m.
  • Length: 12:36
Show
View Real Time Build Order
Export as new Build Order

Asterocks Terran 

Build Orders:  

Get SALT Encoding   

  12  0:01  SCV  
  13  0:13  SCV  
  14  0:19  Supply Depot  
  14  0:25  Refinery  
  14  0:28  SCV  
  15  0:41  SCV  
  16  0:46  Barracks  
  16  0:53  SCV  
  17  1:05  SCV  
  18  1:18  SCV  
  19  1:33  Supply Depot  
  19  1:41  Marine  
  19  1:42  Factory  
  20  1:52  SCV  
  20  1:53  Barracks  
  21  1:59  Marine  
  21  2:16  Barracks  
  21  2:26  Factory  
  21  2:30  Refinery  
  21  2:42  Barracks Reactor  
  21  2:48  Marine  
  22  2:52  SCV  
  23  3:05  Barracks Tech Lab  
  23  3:06  Marine  
  25  3:24  Marine  
  25  3:30  Marine  
  25  3:33  Barracks Reactor  
  26  3:40  Hellion x2  
  30  3:41  Marine  
  31  3:48  Combat Shields  
  31  3:53  Supply Depot  
  31  4:12  Supply Depot  
  31  4:14  Marine x2, Hellion x2  
  31  4:16  Marine x2  
  39  4:22  Starport  
  39  4:32  Armory  
  39  4:33  Marine  
  40  4:53  Marine x4  
  44  5:11  Marine x2, Reaper  
  46  5:31  Marine  
  45  5:49  Marine x2  
  45  6:01  Marine x2  
  47  6:09  Marine  
  47  6:11  Marine  
  40  6:18  Marine  
  40  6:19  Marine  
  37  6:27  Marine  
  37  6:29  Marine  
  39  6:36  Marine x2  
  41  6:44  Marine  
  41  6:46  Marine  
  42  6:49  Command Center  
  42  6:51  Orbital Command  
  43  6:54  Marine x2  
  45  7:02  Marine  
  45  7:06  Marine  
  45  7:12  Marine x2  
  47  7:36  Supply Depot  
  47  7:51  Factory Tech Lab  
  47  7:56  Starport Reactor  
  47  7:57  Marine x4, Barracks  
  51  8:15  Marine x4  
  51  8:18  SCV  
  56  8:24  SCV  
  57  8:31  SCV  
  57  8:33  Marine x2  
  60  8:36  SCV  
  61  8:50  Liberator  
  49  8:57  Marine x3  
  49  9:06  Siege Tank  
  55  9:23  Orbital Command  
  55  9:27  SCV  
  56  9:40  Marine x3  
  56  9:42  Engineering Bay  
  56  9:44  Marine  
  47  9:58  Marine x2  
  35  10:02  Marine  
Show
View Real Time Build Order
Export as new Build Order

Alindyar Terran - Winner!

Build Orders:  

Get SALT Encoding   

  12  0:33  SCV  
  13  0:45  SCV  
  14  0:57  SCV  
  14  0:58  Supply Depot  
  15  1:04  Refinery  
  15  1:20  SCV  
  15  1:21  Barracks  
  16  1:32  SCV  
  17  1:44  SCV  
  18  1:56  SCV  
  19  2:08  SCV  
  20  2:09  Command Center  
  20  2:14  Barracks, Reaper  
  21  2:20  SCV  
  22  2:33  SCV  
  22  2:35  Refinery  
  23  2:40  Supply Depot  
  23  2:43  Supply Depot  
  23  2:46  Barracks Tech Lab  
  23  2:49  Orbital Command  
  23  3:04  Supply Depot  
  23  3:06  Factory, Supply Depot  
  23  3:09  Barracks Reactor  
  23  3:25  Orbital Command  
  23  3:29  Stimpack  
  23  3:40  Barracks  
  23  3:45  Engineering Bay  
  23  3:46  Engineering Bay  
  23  3:51  SCV  
  24  3:57  Starport  
  24  4:00  Factory Reactor  
  24  4:02  SCV  
  25  4:03  SCV  
  25  4:06  Marine  
  25  4:07  Marine  
  28  4:11  Marauder  
  30  4:22  SCV  
  31  4:31  Barracks Reactor  
  31  4:32  Barracks  
  31  4:33  Terran Infantry Weapons Level 1  
  31  4:34  SCV  
  31  4:35  Terran Infantry Armor Level 1  
  31  4:36  SCV  
  33  4:43  Supply Depot  
  33  4:46  SCV  
  33  4:53  Widow Mine x2  
  33  4:56  Marine x3  
  33  4:58  SCV  
  33  4:59  Liberator  
  41  5:14  Marine x2  
  41  5:15  Marauder  
  40  5:33  Marine x2  
  40  5:35  Marine x2  
  44  5:36  Marine  
  27  5:51  Marine x2  
  27  5:52  Marine  
  27  5:53  Marine x2  
  27  6:09  Marine x2  
  27  6:10  Marine x2  
  23  6:11  Marine  
  22  6:19  SCV x2  
  20  6:26  Marine  
  20  6:27  Marine  
  20  6:31  SCV x2  
  24  6:37  Marine  
  24  6:38  Marine x2  
  27  6:43  SCV x2  
  27  6:44  Marine x2  
  31  6:55  SCV x2, Marine  
  31  6:56  Marine x2  
  34  7:06  Marine x2  
  34  7:07  SCV x2  
  33  7:11  Medivac  
  33  7:13  Marine x3  
  38  7:24  SCV, Marine x2  
  41  7:36  SCV  
  42  7:37  SCV  
  42  7:41  Marine  
  42  7:42  Marine x4  
  48  7:48  SCV  
  48  7:49  SCV  
  50  8:00  SCV  
  50  8:01  SCV  
  50  8:04  Marine x4  
  50  8:05  Marine  
  57  8:11  Command Center  
  57  8:12  SCV  
  58  8:13  SCV  
  58  8:17  Medivac  
  61  8:22  Marine x5  
  61  8:24  SCV  
  61  8:25  SCV  
  68  8:33  Command Center  
  68  8:36  SCV  
  68  8:40  Marine x5  
  62  8:57  Marine  
  62  8:58  Marine x3  
  66  9:17  Marine x5  
  66  9:19  Widow Mine  
  66  9:20  Widow Mine  
  75  9:28  Orbital Command  
  75  9:35  Marine x5  
  80  9:45  SCV  
  81  9:48  Widow Mine x2  
  81  9:52  Marine x2  
  81  9:53  Marine x3  
  81  9:57  SCV  
  78  10:09  SCV  
  78  10:16  Widow Mine  
  78  10:21  SCV  
  78  10:33  SCV  
  78  11:21  Medivac  
  78  11:24  Barracks  
  78  11:37  Barracks  
  78  12:03  Starport Reactor  
  78  12:09  SCV  
  78  12:21  SCV  
Tags
 
League
GoldGold
Matchup
TvT
Race
Terran
Spawn Locations
Cross Positions
Add a new tag
Caveats
  • Supply blocks, unpowered buildings, or Contaminate may cause inaccurate times.
  • Supply counts are checked every 10 seconds.